Map: Nightshade LE

Players

YodaSlim

  • Race: Zerg Zerg
  • League: Diamond
  • Spawn Location: 11:00

ViBE - Winner!

  • Race: Zerg Zerg
  • League: Diamond
  • Spawn Location: 5:00

VOD

Have the link to the VOD?

Description

Time

  • Played on: Dec. 15, 2019, 10:20 p.m.
  • Length: 11:03
Show
View Real Time Build Order
Export as new Build Order

YodaSlim Zerg 

Build Orders: Pool First, Zergling Baneling 

Get SALT Encoding   

  12  0:01  Drone  
  13  0:13  Overlord  
  13  0:17  Drone  
  14  0:31  Drone x2  
  16  0:36  Drone  
  17  0:47  Drone, Extractor  
  17  0:52  Spawning Pool  
  17  0:56  Drone  
  17  1:08  Drone  
  18  1:25  Hatchery  
  17  1:38  Queen  
  17  1:39  Zergling x2  
  20  1:41  Zergling x2  
  21  1:48  Metabolic Boost  
  21  1:55  Overlord  
  21  1:59  Zergling x2  
  22  2:18  Zergling x4  
  24  2:24  Zergling x2  
  25  2:30  Baneling Nest  
  25  2:33  Drone  
  25  2:39  Queen  
  25  2:40  Zergling x2  
  28  2:52  Zergling x4  
  28  2:55  Drone  
  31  3:05  Zergling x2  
  32  3:07  Drone  
  33  3:13  Baneling x2  
  31  3:29  Zergling x10  
  31  3:30  Zergling x2  
  29  3:42  Zergling x4  
  31  3:52  Drone, Baneling x2  
  31  3:53  Drone  
  33  4:11  Drone x3  
  36  4:23  Zergling x6  
  34  4:25  Zergling x4  
  35  4:38  Baneling  
  35  4:47  Evolution Chamber x2  
  35  4:50  Roach Warren  
  35  4:51  Baneling  
  35  4:52  Baneling  
  32  4:53  Baneling  
  32  5:01  Overlord  
  32  5:02  Overlord  
  32  5:04  Zergling x6  
  32  5:05  Overlord  
  35  5:07  Extractor  
  35  5:09  Drone x2, Extractor  
  35  5:10  Drone  
  36  5:24  Zerg Missile Weapons Level 1  
  36  5:28  Hatchery  
  34  5:37  Baneling  
  34  5:40  Drone x5  
  37  6:03  Roach x5  
  46  6:13  Drone x5  
  51  6:23  Baneling  
  51  6:24  Roach x2  
  55  6:36  Roach x2  
  59  6:41  Roach x2  
  63  6:47  Baneling  
  63  6:49  Roach  
  63  6:53  Overlord  
  63  6:54  Overlord  
  65  7:06  Roach x3  
  65  7:15  Roach x3  
  67  7:16  Roach  
  67  7:20  Drone  
  67  7:21  Drone x2  
  72  7:29  Zerg Ground Armor Level 1  
  72  7:36  Drone x3  
  72  7:37  Drone  
  76  7:41  Drone x2  
  78  7:53  Overlord  
  78  7:54  Overlord  
  78  7:59  Ravager  
  78  8:01  Ravager  
  78  8:02  Ravager  
  81  8:06  Overlord  
  81  8:09  Drone  
  81  8:11  Overlord, Drone, Extractor  
  82  8:13  Drone x6  
  88  8:20  Extractor  
  88  8:22  Lair  
  87  8:38  Drone x6  
  87  8:39  Drone x2, Spine Crawler  
  87  8:40  Drone  
  95  8:53  Ravager  
  95  8:54  Ravager  
  95  8:55  Roach x5  
  107  8:59  Queen  
  109  9:08  Queen  
  111  9:10  Overlord x2  
  111  9:19  Glial Reconstitution  
  111  9:21  Drone x3  
  114  9:46  Roach  
  114  9:47  Roach x7  
  130  9:53  Hydralisk Den  
  129  10:03  Extractor  
  128  10:08  Overlord x3  
  128  10:29  Roach  
  128  10:30  Roach x5  
  128  10:31  Zergling x12  
  146  10:48  Lurker Den  
Show
View Real Time Build Order
Export as new Build Order

ViBE Zerg - Winner!

Build Orders: Hatch First, Roach Hydra 

Get SALT Encoding   

  12  0:01  Drone  
  13  0:13  Overlord  
  13  0:17  Drone  
  14  0:31  Drone x2  
  16  0:50  Hatchery  
  16  0:53  Drone  
  16  0:58  Drone  
  17  1:09  Drone  
  18  1:13  Extractor  
  18  1:16  Spawning Pool  
  16  1:18  Drone  
  17  1:27  Drone  
  18  1:34  Drone  
  19  1:48  Overlord  
  19  2:02  Queen  
  19  2:03  Queen  
  19  2:04  Zergling x4  
  19  2:05  Drone  
  26  2:14  Drone x2  
  28  2:20  Metabolic Boost  
  28  2:30  Spine Crawler  
  28  2:32  Drone  
  28  2:33  Drone  
  29  2:37  Drone  
  29  2:38  Drone  
  31  2:47  Baneling Nest  
  30  2:53  Drone x2  
  30  2:56  Zergling x4  
  34  3:05  Overlord  
  34  3:11  Zergling x2  
  34  3:14  Zergling x2  
  35  3:25  Zergling x2  
  35  3:26  Zergling x12  
  42  3:30  Queen  
  37  3:42  Drone x2  
  37  3:47  Drone x4  
  43  3:50  Drone  
  43  3:51  Overlord  
  44  3:58  Baneling x2  
  44  4:03  Overlord  
  44  4:10  Hatchery  
  42  4:25  Drone  
  42  4:26  Drone x6  
  49  4:31  Drone  
  50  4:43  Roach Warren  
  50  4:44  Extractor  
  50  4:45  Extractor  
  46  4:46  Drone  
  46  4:47  Drone  
  46  4:52  Overlord  
  48  4:53  Overlord  
  48  4:54  Queen  
  50  5:11  Drone x4  
  53  5:25  Overlord, Drone  
  54  5:29  Roach x2  
  54  5:30  Roach x2  
  62  5:37  Roach x4  
  62  5:41  Roach  
  72  5:46  Roach  
  72  5:47  Roach x6  
  84  6:20  Hatchery  
  84  6:22  Overlord  
  84  6:23  Overlord x2  
  82  6:25  Lair  
  82  6:31  Drone x2, Evolution Chamber  
  83  6:38  Overlord  
  83  6:48  Drone x9  
  92  6:57  Drone x3  
  95  7:06  Drone x2  
  93  7:09  Drone x3  
  92  7:18  Drone x2  
  92  7:35  Extractor  
  91  7:37  Extractor  
  91  7:38  Drone x2  
  91  7:39  Drone x2  
  91  7:40  Drone x2  
  96  7:45  Hydralisk Den  
  96  7:46  Drone x3, Extractor  
  96  7:49  Glial Reconstitution, Zerg Missile Weapons Level 1  
  97  7:52  Hatchery  
  96  7:58  Roach  
  96  7:59  Roach x8  
  114  8:09  Overlord x3  
  114  8:12  Overlord  
  114  8:13  Overlord x2  
  114  8:21  Grooved Spines  
  114  8:22  Drone  
  114  8:24  Lurker Den  
  114  8:28  Roach x9  
  132  8:37  Overlord x2  
  132  8:43  Overlord  
  132  8:44  Overlord  
  132  8:46  Roach x4  
  140  8:58  Roach x7  
  154  9:05  Roach x3  
  160  9:15  Hydralisk  
  160  9:16  Hydralisk x4  
  170  9:19  Overseer  
  170  9:23  Hydralisk x3  
  170  9:24  Hydralisk  
  172  9:26  Hydralisk  
  180  9:32  Muscular Augments  
  180  9:39  Hydralisk x4  
  188  9:47  Hydralisk x5  
  188  9:48  Hydralisk  
Tags
 
Add a new tag
Caveats
  • Supply blocks, unpowered buildings, or Contaminate may cause inaccurate times.
  • Supply counts are checked every 10 seconds.